 Dungeon Crawl Stone Soup version 0.29.1-12-g30fa7ad0bf (webtiles) character file.

Game seed: 13858366238619509076

13 mopl the Magician (level 2, -3/19 HPs)
             Began as a Mummy Fire Elementalist on Jan 16, 2023.
             Slain by a gnoll
             ... wielding a +0 war axe
              (4 damage)
             ... on level 2 of the Dungeon.
             The game lasted 00:01:26 (1113 turns).

mopl the Magician (Mummy Fire Elementalist)         Turns: 1113, Time: 00:01:26

Health: -3/19      AC:  5    Str: 11    XL:     2   Next: 24%
Magic:  4/6        EV: 12    Int: 14    God:
Gold:   37         SH:  0    Dex: 12    Spells: 6/7 levels left

rFire   x . .      SeeInvis .   f - +0 short sword
rCold   + . .      Faith    .   (no shield)
rNeg    + + +      Spirit   .   a - +0 robe
rPois   ∞          Reflect  .   (no helmet)
rElec   .          Harm     .   (no cloak)
rCorr   .          Rampage  .   g - +2 pair of gloves
Will    .....                   (no boots)
Stlth   ++........              (no amulet)
HPRegen 0.06/turn               (no ring)
MPRegen 0.10/turn               (no ring)

@: no status effects
A: cold resistance 1, negative energy resistance 3, torment resistance 2, heat
vulnerability 1, no potions
a: no special abilities


You were on level 2 of the Dungeon.
You visited 1 branch of the dungeon, and saw 2 of its levels.

You collected 37 gold pieces.

Inventory:

Hand Weapons
 f - a +0 short sword (weapon)
Armour
 a - a +0 robe (worn)
 g - a +2 pair of gloves (worn)
Scrolls
 b - a scroll of noise {unknown}
 c - 4 scrolls of identify {unknown}
 d - a scroll of teleportation {unknown}
 e - a scroll of vulnerability {unknown}


   Skills:
 - Level 1.5 Dodging
 - Level 1.5 Stealth
 + Level 3.1 Spellcasting
 + Level 1.1 Conjurations
 + Level 2.6 Fire Magic


You had 6 spell levels left.
You knew the following spells:

 Your Spells              Type           Power      Damage    Failure   Level
a - Foxfire               Conj/Fire      28%        2x1d5     10%         1

Your spell library contained the following spells:

 Spells                   Type           Power      Damage    Failure   Level
 Scorch                   Fire           18%        2d5       11%         2
 Conjure Flame            Conj/Fire      7%         6-21      28%         3
 Inner Flame              Hex/Fire       5%         N/A       36%         3
 Flame Wave               Conj/Fire      7%         2d5       67%         4


Dungeon Overview and Level Annotations

Branches:
Dungeon (2/15)

Altars:


Innate Abilities, Weirdness & Mutations

You are immune to poison.
Your flesh is cold resistant. (rC+)
You are immune to negative energy. (rN+++)
You are immune to unholy pain and torment.
You are vulnerable to heat. (rF-)
You do not drink.


Message History

Found a pair of embroidered gloves.
There is an open door here.
You conjure some foxfire!
You conjure some foxfire!
The foxfire hits the endoplasm.
The endoplasm is moderately wounded.
The foxfire hits the endoplasm.
The endoplasm is severely wounded.
The foxfire hits the endoplasm.
You kill the endoplasm!
No target in view!
No target in view!
You see here a +2 pair of gloves.
g - a +2 pair of gloves You start putting on your armour.
You continue putting on your +2 pair of gloves. x4
You finish putting on your +2 pair of gloves.
Unknown command.
Magic restored.
HP restored.
A gnoll comes into view. It is wielding a +0 spear.
Found a white potion.
The gnoll shouts! 2 gnolls come into view.
A gnoll is wielding a +2 spear of venom.
You conjure some foxfire!
The gnoll hits you from afar with a +0 spear!
You conjure some foxfire!
The foxfire hits the gnoll but does no damage.
The foxfire hits the gnoll.
The gnoll is moderately wounded.
The gnoll hits you from afar with a +0 spear!
* * * LOW HITPOINT WARNING * * *
The gnoll hits you from afar with a +2 spear of venom.
* * * LOW HITPOINT WARNING * * *
The foxfire hits the gnoll but does no damage.
The gnoll is moderately wounded.
The foxfire hits the gnoll.
The gnoll is heavily wounded.
The gnoll attacks as you move away! The gnoll hits you with a +0 war axe.
You die...

#####.##
#.#.# #..###
#.#.# ##...#
#...# ###.#
##### #.#
#.## #..#
##.####
#..@.###
#####g..##
#.....g..#
#....g...#
#........#
#......#..#
........##..!
###......#
#### ########


You could see 3 gnolls.

Vanquished Creatures
  An endoplasm (D:2)
  A giant cockroach (D:1)
  A hobgoblin (D:1)
  2 kobolds (D:2)
  3 quokkas
  A ball python (D:1)
  3 frilled lizards
12 creatures vanquished.

Vanquished Creatures (others)
  35 foxfires
35 creatures vanquished.

Grand Total: 47 creatures vanquished

Notes
Turn   | Place    | Note
-------+----------+-------------------------------------------
     0 | D:1      | mopl the Mummy Fire Elementalist began the quest for the
                  | Orb.
     0 | D:1      | Reached XP level 1. HP: 13/13 MP: 4/4
   220 | D:1      | Reached skill level 1 in Conjurations
   911 | D:1      | Found a faded altar of an unknown god.
   968 | D:2      | Reached skill level 3 in Spellcasting
   984 | D:2      | Reached XP level 2. HP: 19/19 MP: 4/6
  1113 | D:2      | Slain by a gnoll

Illustrated notes

Levels and vault maps discovered:
D:1:      psy_arrival_fountain, layout_rooms,
          dreamdust_ecumenical_altar_hidden_monk_grotto, minmay_crystal_room,
          nicolae_hexahallways, nrook_campfire, serial_bayou_crossing
D:2:      layout_basic, roderic_roman_lattice, dk_vineyard_3, minmay_tromino_i2

Skill      XL: |  1 |
---------------+----+-----
Conjurations   | 1 |  1.1
Spellcasting   | 3 |  3.1
Dodging        | |  1.5
Stealth        | |  1.5
Fire Magic     | |  2.6

Action                   || total
-------------------------++-------
Melee: Unarmed           ||     9
       Short sword       ||     5
 Cast: Foxfire           ||    23
 Stab: Sleeping          ||     1
Armor: Robe              ||     1
Dodge: Dodged            ||    18
